 Dungeon Crawl Stone Soup version 0.20-a0-454-g2b43fbb (webtiles) character file.

102 Amnesiac the Vexing (level 4, -4/30 HPs)
             Began as a Mummy Enchanter on Jan 9, 2017.
             Slain by an iguana (12 damage)
             ... on level 2 of the Dungeon.
             The game lasted 00:04:10 (1341 turns).

Amnesiac the Vexing (Mummy Enchanter)               Turns: 1341, Time: 00:04:10

Health: -4/30      AC:  6    Str: 11    XL:     4   Next: 49%
Magic:  0/10       EV: 10    Int: 14    God:
Gold:   58         SH:  0    Dex: 13    Spells: 4/11 levels left

rFire  x x .     SeeInvis .     d - +3 short sword (speed)
rCold  + + .     Gourm    .     k - +0 ring mail
rNeg   + + +     Faith    .     (no shield)
rPois  ∞         Spirit   .     (no helmet)
rElec  .         Reflect  .     j - +0 cloak
rCorr  .         Harm     .     (no gloves)
MR     .....                    (no boots)
Stlth  +.........               (no amulet)
                                (no ring)
                                g - ring of ice

@: very slightly contaminated
A: no food or potions, fire vulnerability, cold resistance 1, negative energy
resistance 3, torment resistance, unbreathing
a: no special abilities


You were on level 2 of the Dungeon.
You were not hungry.

You visited 1 branch of the dungeon, and saw 4 of its levels.

You collected 58 gold pieces.

Inventory:

Hand Weapons
 a - a +2 dagger of protection
 d - a +3 short sword of speed (weapon)
 f - a +0 vampiric dagger
Armour
 b - a +0 robe
 j - a +0 cloak (worn)
 k - a +0 ring mail (worn)
Jewellery
 g - a ring of ice (left hand)
Wands
 l - a wand of disintegration (12/24)
Scrolls
 e - 3 scrolls of remove curse
 h - 3 scrolls of identify
 i - a scroll of fog {unknown}
 m - a scroll of magic mapping
Books
 c - a book of Maledictions

   Spells                             Type                      Level
   a - Corona                         Hexes                        1
   b - Ensorcelled Hibernation        Hexes/Ice                    2
   c - Confuse                        Hexes                        3
   d - Tukima's Dance                 Hexes                        3
   e - Dazzling Spray                 Conjuration/Hexes            3


   Skills:
 - Level 1.0 Short Blades
 - Level 1.5 Dodging
 - Level 2.4 Stealth
 + Level 4.0 Spellcasting
 * Level 4.1 Hexes


You had 4 spell levels left.
You knew the following spells:

 Your Spells              Type           Power        Failure   Level  Hunger
e - Confuse               Hex            ##......     28%         3    N/A
f - Corona                Hex            ##.....      10%         1    N/A
w - Tukima's Dance        Hex            ##......     28%         3    N/A

Dungeon Overview and Level Annotations

Branches:
Dungeon (4/15)
 Temple: D:4-7

Altars:
Okawaru

Annotations:
D:3 kal9871's ghost, amateur NaWr
D:4 Nuatha's ghost, amateur OpEn


Innate Abilities, Weirdness & Mutations

You do not eat or drink.
Your flesh is vulnerable to fire.
You are immune to poison.
Your flesh is cold resistant. (rC+)
You are immune to negative energy. (rN+++)
You are immune to unholy pain and torment.
You can survive without breathing.


Message History

Aim: an iguana (chance to defeat MR: 53%)
You miscast Confuse.
You feel off-balance for a moment.
Casting: Confuse
Confirm with . or Enter, or press ? or * to list all spells.
Aiming: Confuse
Press: ? - help, Shift-Dir - straight line, f/p - iguana
Aim: an iguana (chance to defeat MR: 53%)
You miscast Confuse.
Nothing appears to happen.
The iguana closely misses you.
Casting: Confuse
Confirm with . or Enter, or press ? or * to list all spells.
You don't have enough magic to cast that spell.
As you read the scroll labeled GEAH YCESE, it crumbles to dust.
You feel blessed for a moment.
It was a scroll of remove curse.
The iguana bites you!
* * * LOW HITPOINT WARNING * * *
As you read the scroll labeled CIGOFR MUTOLE, it crumbles to dust.
It is a scroll of identify.
m - a scroll of magic mapping The iguana bites you!
You die...

♣.....#
♣♣.##.#
♣♣...#
♣♣♣♣♣.#.##
..♣.♣..#
♣.♣....#
♣♣♣♣.♣....#
♣♣l..♣÷...##
♣@#..(...##
###....###
######


You could see an iguana.

Vanquished Creatures
  A worker ant (D:3)
  3 adders (D:3)
  A shadow imp (D:3)
  An ooze (D:1)
  5 orcs (D:3)
  A ball python (D:2)
  3 giant cockroaches
  6 goblins
  4 hobgoblins
  3 bats
  A frilled lizard (D:3)
  4 kobolds
  A quokka zombie (D:3)
  2 rats
36 creatures vanquished.

Notes
Turn   | Place    | Note
-------+----------+-------------------------------------------
     0 | D:1      | Amnesiac the Mummy Enchanter began the quest for the Orb.
     0 | D:1      | Reached XP level 1. HP: 13/13 MP: 4/4
    35 | D:1      | Reached skill level 1 in Short Blades
   210 | D:1      | Reached XP level 2. HP: 12/19 MP: 5/5
   631 | D:3      | Reached XP level 3. HP: 20/24 MP: 4/7
   636 | D:3      | Learned a level 3 spell: Confuse
   640 | D:3      | Learned a level 3 spell: Tukima's Dance
   677 | D:3      | Found an iron altar of Okawaru.
  1145 | D:3      | Noticed kal9871's ghost (amateur NaWr)
  1147 | D:3      | Reached XP level 4. HP: 22/30 MP: 9/9
  1280 | D:4      | Noticed Nuatha's ghost (amateur OpEn)
  1341 | D:2      | Slain by an iguana

Vault maps used:
D:1:      nicolae_arrival_memento_mori, item_on_display_a
D:2:      overflow_temple_1_default, chequers_ecumenical_altar_grove
D:3:      okawaru_metal_pillars_1_2, nicolae_ru_great_annihilating_truth
D:4:      chequers_temple_overflow_statue_of_worship, nemelex_altar_shiori,
          first_bread, uniq_eustachio, uniq_blork_the_orc

Skill      XL: |  1  2  3  4 |
---------------+-------------+-----
Short Blades   | 1 |  1.0
Hexes          | 3 4 |  4.1
Spellcasting   | 3 4 |  4.0
Dodging        | |  1.5
Stealth        | |  2.4

Action                   |  1- 3 |  4- 6 || total
-------------------------+-------+-------++-------
Melee: Dagger            |     9 |       ||     9
       Short sword       |   127 |    21 ||   148
 Cast: Corona            |     4 |     2 ||     6
       Confuse           |       |     5 ||     5
  Use: Scroll            |       |     2 ||     2
 Stab: Sleeping          |     2 |     1 ||     3
       Confused          |       |     2 ||     2
Armor: Robe              |    14 |       ||    14
       Ring mail         |     5 |     9 ||    14
       Skin              |     1 |       ||     1
Dodge: Dodged            |    59 |    11 ||    70
